 Dungeon Crawl Stone Soup version 0.22-a0-91-g23542c2 (webtiles) character file.

18 4thArraOfDagon the Firebug (level 2, 0/19 HPs)
             Began as a Human Fire Elementalist on Jan 22, 2018.
             Succumbed to an adder's poison
             ... on level 2 of the Dungeon.
             The game lasted 00:01:55 (219 turns).

4thArraOfDagon the Firebug (Human Fire Elementalist) Turns: 219, Time: 00:01:56

Health: 0/19       AC:  2    Str:  8    XL:     2   Next: 90%
Magic:  0/5        EV: 12    Int: 15    God:
Gold:   25         SH:  0    Dex: 13    Spells: 4/5 levels left

rFire    . . .     SeeInvis .   d - +0 mace
rCold    . . .     Gourm    .   (no shield)
rNeg     . . .     Faith    .   a - +0 robe
rPois    .         Spirit   .   (no helmet)
rElec    .         Reflect  .   (no cloak)
rCorr    .         Harm     .   (no gloves)
MR       .....                  (no boots)
Stlth    ++........             (no amulet)
HPRegen  0.06/turn              (no ring)
MPRegen  0.09/turn              (no ring)

@: lethally poisoned (0 -> -5)
A: no striking features
a: no special abilities


You were on level 2 of the Dungeon.
You were not hungry.

You visited 1 branch of the dungeon, and saw 2 of its levels.

You collected 25 gold pieces.

Inventory:

Hand Weapons
 d - a +0 mace (weapon)
Armour
 a - a +0 robe (worn)
Books
 b - a book of Flames

   Spells                             Type                      Level
   a - Flame Tongue                   Conjuration/Fire             1
   b - Throw Flame                    Conjuration/Fire             2
   c - Conjure Flame                  Conjuration/Fire             3
   d - Inner Flame                    Hexes/Fire                   3
   e - Sticky Flame                   Conjuration/Fire             4
   f - Fireball                       Conjuration/Fire             5
Comestibles
 c - 2 rations


   Skills:
 - Level 2.0 Dodging
 - Level 2.0 Stealth
 + Level 2.2 Spellcasting
 * Level 1.8 Conjurations
 * Level 3.3 Fire Magic


You had 4 spell levels left.
You knew the following spells:

 Your Spells              Type           Power        Failure   Level  Hunger
a - Flame Tongue          Conj/Fire      #....        8%          1    #......


Dungeon Overview and Level Annotations

Branches:
Dungeon (2/15)

Altars:


Message History

You are lethally poisoned!
The adder poisons you!
Unknown command.
You barely miss the adder.
The adder is almost dead.
* * * LOW HITPOINT WARNING * * *
You feel sick. The adder bites you.
* * * LOW HITPOINT WARNING * * *
Your magical contamination has completely faded away.
Unknown command.
Unknown command.
You closely miss the adder.
The adder is almost dead.
The adder barely misses you. The adder bites you but does no damage.
Unknown command.
Unknown command.
Unknown command.
You barely miss the adder.
The adder is almost dead.
You die...

#†# ##†# #..# ##.## #..#
.. #.## .#
g..#############.# .
........((.......####.##
.####
.##############†@.......
.S... #S####.### #..
#.#.. #.. #.#.# #..
#.#.# ### ## #.#.# #..
#..###(#.# #.# #.....).#
#.# ####...## #.#


You could see an adder.

Vanquished Creatures
  An adder (D:2)
  A giant cockroach (D:2)
  2 goblins (D:2)
  A hobgoblin (D:1)
  A jackal (D:2)
  A kobold (D:2)
  A bat (D:2)
  A rat (D:2)
9 creatures vanquished.

Notes
Turn   | Place    | Note
-------+----------+-------------------------------------------
     0 | D:1      | 4thArraOfDagon the Human Fire Elementalist began the quest for the Orb.
     0 | D:1      | Reached XP level 1. HP: 13/13 MP: 3/3
     0 | D:1      | 4thArraOfDagon: if I ever knew the syntax :p
     0 | D:1      | magipi: !hiscore hu
     0 | D:1      | 4thArraOfDagon: !hs race=hu
     0 | D:1      | beem: 200. 4thArraOfDagon the Invulnerable (L27 HuFi of Ru), escaped with the Orb and 15 runes on 2016-03-28 03:56:00, with 36639602 points after 40005 turns and 5:12:25.
     0 | D:1      | 4thArraOfDagon: thats bullshit ;p
     9 | D:1      | You fall through a shaft!
   170 | D:2      | Reached XP level 2. HP: 14/19 MP: 3/5
   219 | D:2      | Succumbed to an adder's poison

Vault maps used:
D:1:      lemuel_arrival_funnel

Action                   || total
-------------------------++-------
Melee: Mace              ||     7
 Cast: Flame Tongue      ||    15
  Use: Scroll            ||     1
Armor: Robe              ||     6
Dodge: Dodged            ||    12

Table legend:
 A = Spawn XP
 B = Non-spawn XP
 C = Spawn XP percentage of total XP
 D = Spawn monster count
 E = Non-spawn monster count
 F = Spawn count percentage of total count
 G = Total turns spent on level
                    A         B        C        D         E        F      G
               +---------+---------+-------+---------+---------+-------+---------
         Total |       0 |      27 |   0.0 |       0 |       9 |   0.0 |   219
               +---------+---------+-------+---------+---------+-------+---------
           D:1 |       0 |       2 |   0.0 |       0 |       1 |   0.0 |    43
           D:2 |       0 |      25 |   0.0 |       0 |       8 |   0.0 |   176
               +---------+---------+-------+---------+---------+-------+---------
